 Dungeon Crawl Stone Soup version 0.26-a0-21-gf97e55dc39 (webtiles) character file.

Game seed: 9444126118059162052, levelgen mode: deterministic

17 Delver the Bolt Thrower (level 2, 0/26 HPs)
             Began as a Deep Dwarf Hunter on May 26, 2020.
             Slain by Sigmund
             ... wielding a +0 scythe
              (7 damage)
             ... on level 2 of the Dungeon.
             The game lasted 00:27:17 (1005 turns).

Delver the Bolt Thrower (Deep Dwarf Hunter)         Turns: 1005, Time: 00:27:17

Health: 0/26       AC:  3    Str: 15    XL:     2   Next: 44%
Magic:  2/2        EV: 12    Int: 11    God:
Gold:   38         SH:  0    Dex: 13    Spells: 1/1 levels left

rFire    . . .     SeeInvis .   a - +1 hand crossbow
rCold    . . .     Gourm    .   (no shield)
rNeg     . . .     Faith    .   c - +0 leather armour
rPois    .         Spirit   .   (no helmet)
rElec    .         Reflect  .   (no cloak)
rCorr    .         Harm     .   (no gloves)
MR       .....                  (no boots)
Stlth    +.........             (no amulet)
HPRegen  0.00/turn              (no ring)
MPRegen  0.08/turn              (no ring)

@: non-regenerating
A: damage resistance, heal wounds, sense surroundings 1, no regeneration
a: Heal Wounds


You were on level 2 of the Dungeon.
You were not hungry.

You visited 1 branch of the dungeon, and saw 2 of its levels.

You collected 38 gold pieces.

Inventory:

Hand Weapons
 a - a +1 hand crossbow (weapon)
 b - a +0 short sword
 h - a +0 dagger
 i - a +0 whip
 o - a +0 spear
 p - a +0 whip
Missiles
 d - 30 bolts (quivered)
 e - 15 stones
 g - 8 datura-tipped darts
 j - 14 poisoned darts
Armour
 c - a +0 leather armour (worn)
 k - a +0 robe
Jewellery
 n - an uncursed ring of ice {unknown}
Potions
 l - a potion of flight {unknown}
 m - a potion of resistance {unknown}
Comestibles
 f - 4 rations


   Skills:
 + Level 1.9 Fighting
 * Level 5.1 Crossbows
 + Level 2.2 Dodging
 + Level 1.2 Stealth


You had one spell level left.
You didn't know any spells.
Your spell library was empty.

Dungeon Overview and Level Annotations

Branches:
Dungeon (2/15)

Altars:
Elyvilon

Annotations:
D:2 Sigmund


Innate Abilities, Weirdness & Mutations

You are resistant to damage.
You can heal yourself by infusing magical energy.
You passively map a small area around you.
You do not regenerate.


Message History

Press: ? - help, Shift-Dir - straight line, f/p - gnoll
Aim: a gnoll, wielding a +0 flail You shoot a bolt.
A gnoll comes into view. It is wielding a +0 halberd.
Firing (i - inventory. (/) - cycle)
d - 32 bolts (quivered)
Press: ? - help, Shift-Dir - straight line, f/p - gnoll
Aim: a gnoll, wielding a +0 flail You shoot a bolt.
The bolt hits the gnoll.
The gnoll is lightly wounded.
Something hits you.
Firing (i - inventory. (/) - cycle)
d - 31 bolts (quivered)
Press: ? - help, Shift-Dir - straight line, f/p - gnoll
Aim: a gnoll, wielding a +0 flail (lightly wounded)
You shoot a bolt.
The bolt hits the gnoll but does no damage.
The gnoll is lightly wounded.
Something hits you!
* * * LOW HITPOINT WARNING * * *
Something hits you!
You die...

* , * * ,, , *
* * , , , , . ,
,, ,...
##########.g###
,
.......@.{g....
, , ,
...###...#..###
, .......,..#
PP≈P##....# .
..≈≈≈P**#.....*
≈ ,


PP≈PPP ..._.. PP≈P. ...... .≈♣P≈ ###... * ,* * ,, You could see 2 gnolls.

Vanquished Creatures
  A dart slug (D:1)
  A leopard gecko (D:1)
  2 giant cockroaches (D:1)
  3 hobgoblins (D:1)
  2 bats (D:1)
  2 frilled lizards (D:1)
  A kobold (D:1)
  3 rats (D:1)
15 creatures vanquished.

Notes
Turn   | Place    | Note
-------+----------+-------------------------------------------
     0 | D:1      | Delver the Deep Dwarf Hunter began the quest for the Orb.
     0 | D:1      | Reached XP level 1. HP: 19/19 MP: 1/1
   243 | D:1      | Reached XP level 2. HP: 23/26 MP: 2/2
   458 | D:1      | Reached skill level 5 in Crossbows
   887 | D:2      | Found a white marble altar of Elyvilon.
   887 | D:2      | Noticed Sigmund
  1005 | D:2      | Slain by Sigmund

Illustrated notes

Levels and vault maps discovered:
D:1:      dpeg_arrival_leaves_temple_mockup, layout_basic,
          minmay_misc_feat_doors
D:2:      layout_rooms, lemuel_zombie_altar_yredelemnul,
          overflow_temple_1_default, serial_bayou, serial_bayou_pond_b,
          serial_bayou_shore_a, serial_bayou_crossing, serial_bayou_ford_a,
          serial_bayou_pond_c, serial_bayou_lagoon_a,
          chequers_ecumenical_altar_simple, nrook_uturn,
          chequers_serial_rivers_small_3, fedhas_altar_1, uniq_sigmund,
          uniq_natasha

Skill      XL: |  1  2 |
---------------+-------+-----
Crossbows      | 5 |  5.1
Fighting       | |  1.9
Dodging        | |  2.2
Stealth        | |  1.2

Action                   || total
-------------------------++-------
Melee: Short sword       ||    12
 Fire: Hand crossbow     ||    30
Throw: Stone             ||     2
 Abil: Heal Wounds       ||     1
  Use: Scroll            ||     3
  Eat: Ration            ||     1
Armor: Leather armour    ||     3
Dodge: Dodged            ||    21

Table legend:
 A = Non-vault XP
 B = Vault XP
 C = Vault XP percentage of total XP
 D = Non-vault monster count
 E = Vault monster count
 F = Vault count percentage of total count
                 A         B        C        D         E       F
            +---------+---------+-------+---------+---------+-------
      Total |      25 |       0 |   0.0 |      15 |       0 |   0.0
            +---------+---------+-------+---------+---------+-------
        D:1 |      25 |       0 |   0.0 |      15 |       0 |   0.0
            +---------+---------+-------+---------+---------+-------
